 Dungeon Crawl Stone Soup version 0.29.1-12-g30fa7ad0bf (webtiles) character file.

Game seed: 4245463767112210225

210 cheesebisquit the Ruffian (level 5, -4/53 HPs)
             Began as a Troll Monk on Jan 13, 2023.
             Slain by Duvessa
             ... wielding a +0 rapier
              (15 damage)
             ... on level 3 of the Dungeon.
             The game lasted 00:10:10 (2285 turns).

cheesebisquit the Ruffian (Troll Monk)              Turns: 2285, Time: 00:10:11

Health: -4/53      AC:  5    Str: 27    XL:     5   Next: 56%
Magic:  4/4        EV: 10    Int:  6    God:
Gold:   180        SH:  0    Dex: 12    Spells: 4/4 levels left

rFire   + . .      SeeInvis .     - Unarmed
rCold   + . .      Faith    .   (no shield)
rNeg    . . .      Spirit   .   a - +0 robe
rPois   +          Reflect  .   (helmet restricted)
rElec   +          Harm     .   o - +0 cloak
rCorr   +          Rampage  .   (gloves unavailable)
Will    .....                   (boots unavailable)
Stlth   ++........              (no amulet)
HPRegen 0.97/turn               p - +6 ring of strength
MPRegen 0.09/turn               (no ring)

@: resistant
A: large, unfitting armour, claws 3, regeneration 1, shaggy fur 1, tough skin 1
a: no special abilities


You were on level 3 of the Dungeon.
You visited 1 branch of the dungeon, and saw 4 of its levels.

You collected 180 gold pieces.

Inventory:

Missiles
 h - 22 stones (quivered)
Armour
 a - a +0 robe (worn)
 o - a +0 cloak (worn)
Jewellery
 p - a +6 ring of strength (left claw)
Scrolls
 e - 2 scrolls of teleportation {unknown}
 f - 2 scrolls of blinking {unknown}
 i - 2 scrolls of fear {unknown}
 k - a scroll of immolation {unknown}
 l - a scroll of brand weapon {unknown}
 m - 4 scrolls of identify {unknown}
 q - a scroll of amnesia {unknown}
 r - a scroll of noise {unknown}
 s - a scroll of poison {unknown}
 t - a scroll of torment {unknown}
Potions
 b - a potion of resistance
 d - 2 potions of curing
 g - a potion of brilliance {unknown}
 j - a potion of flight {unknown}
 n - a potion of haste {unknown}


   Skills:
 + Level 3.4 Fighting
 + Level 1.2 Throwing
 + Level 3.4 Dodging
 - Level 1.0 Stealth
 + Level 4.3 Unarmed Combat


You had 4 spell levels left.
You didn't know any spells.
Your spell library contained the following spells:

 Spells                   Type           Power      Damage    Failure   Level
 Beastly Appendage        Tmut           0%         N/A       45%         1
 Ensorcelled Hibernation  Hex/Ice        0%         N/A       58%         2
 Wereblood                Tmut           0%         N/A       58%         2
 Spider Form              Tmut/Pois      0%         N/A       83%         3
 Anguish                  Hex/Necr       0%         N/A       99%         4


Dungeon Overview and Level Annotations

Branches:
Dungeon (4/15)
 Temple: D:4-7

Altars:
Hepliaklqana
Ru

Annotations:
D:3 Duvessa


Innate Abilities, Weirdness & Mutations

You are too large for most types of armour.
You have claws for hands.
Your natural rate of healing is unusually fast.
You are covered in fur. (AC +1)
You have tough skin. (AC +1)


Message History

Duvessa hits you with a +0 rapier. Dowan casts a spell at you.
The puff of flame hits you.
You barely miss Dowan.
Dowan is almost dead.
Duvessa says, "My weaknesses are his strengths!"
Duvessa hits you with a +0 rapier. Dowan casts a spell at you.
The puff of flame hits you!
You claw Dowan!
You kill Dowan!
Duvessa screams, "No!
How DARE you!"
Duvessa goes berserk!
Duvessa hits you with a +0 rapier!
* * * LOW HITPOINT WARNING * * *
Your life force feels restored.
Your Throwing skill increases to level 1!
You feel much better. Duvessa closely misses you.
Duvessa hits you with a +0 rapier.
You feel much better. Duvessa hits you with a +0 rapier!
You claw Duvessa! Your claw misses Duvessa.
Duvessa is lightly wounded.
Duvessa hits you with a +0 rapier! Duvessa hits you with a +0 rapier.
You scratch Duvessa but do no damage.
Duvessa is lightly wounded.
Duvessa hits you with a +0 rapier!
You scratch Duvessa but do no damage.
Duvessa is lightly wounded.
Duvessa closely misses you.
You closely miss Duvessa.
Duvessa is lightly wounded.
Duvessa hits you with a +0 rapier. Duvessa hits you with a +0 rapier!
You barely miss Duvessa.
Duvessa is lightly wounded.
Duvessa hits you with a +0 rapier.
It was a potion of curing.
You feel better. Duvessa hits you with a +0 rapier! x2
* * * LOW HITPOINT WARNING * * *
It was a potion of resistance.
You feel protected. Duvessa hits you with a +0 rapier!
You die...

########## #........#
#########........# #
#................# #
#......(..###..### #
#.........)....## ###
#...............#########..
#.........@)...............
##........e.........#####..#
##...........................
##................>.....#...##
#...............[.........#.##
#..................#####.#....
#...........#.....## #......
##.....##.#####..## ###....
#.........# ##.## ####....


You could see Duvessa (berserk).

Vanquished Creatures
  Dowan (D:3)
  Terence (D:2)
  Robin (D:2)
  3 adders
  4 dart slugs
  5 ball pythons
  5 bats
  6 endoplasms
  6 giant cockroaches
  16 goblins
  5 hobgoblins
  9 jackals
  3 quokkas (D:2)
  4 frilled lizards
  6 kobolds
  6 rats
81 creatures vanquished.

Vanquished Creatures (others)
  A kobold (D:3)
1 creature vanquished.

Grand Total: 82 creatures vanquished

Notes
Turn   | Place    | Note
-------+----------+-------------------------------------------
     0 | D:1      | cheesebisquit the Troll Monk began the quest for the Orb.
     0 | D:1      | Reached XP level 1. HP: 22/22 MP: 0/0
   237 | D:1      | Reached XP level 2. HP: 29/29 MP: 1/1
   598 | D:1      | Reached XP level 3. HP: 36/36 MP: 2/2
  1018 | D:2      | Noticed Terence
  1025 | D:2      | Killed Terence
  1026 | D:2      | Reached XP level 4. HP: 21/45 MP: 3/3
  1224 | D:2      | Noticed Robin
  1238 | D:2      | Reached skill level 4 in Unarmed Combat
  1251 | D:2      | Killed Robin
  1652 | D:3      | Found a hazy altar of Hepliaklqana.
  1749 | D:3      | Reached XP level 5. HP: 50/53 MP: 4/4
  1867 | D:3      | Found a sacrificial altar of Ru.
  2242 | D:4      | Noticed Duvessa
  2243 | D:4      | Noticed Dowan
  2276 | D:3      | Killed Dowan
  2277 | D:3      | Reached skill level 1 in Throwing
  2285 | D:3      | Slain by Duvessa

Illustrated notes

Levels and vault maps discovered:
D:1:      lightli_arrival_flooded_house, layout_basic
D:2:      layout_loops_ring, kennysheep_potato, uniq_terence, uniq_robin
D:3:      layout_rooms, nicolae_ru_the_path_less_chosen,
          nicolae_overflow_crystal_walls, columned_hall_lemuel, nrook_campfire,
          kennysheep_small_spiral
D:4:      layout_basic, nicolae_qazlal_eye_of_the_storm, minmay_box_of_dots,
          uniq_duvessa, uniq_blork_the_orc

Skill      XL: |  1  2  3  4  5 |
---------------+----------------+-----
Fighting       | 3 |  3.4
Dodging        | 3 |  3.4
Unarmed Combat | 4 |  4.3
Throwing       | 1 |  1.2
Stealth        | |  1.0

Action                   |  1- 3 |  4- 6 || total
-------------------------+-------+-------++-------
Melee: Unarmed           |    97 |   129 ||   226
       Punch             |     2 |     3 ||     5
Throw: Stone             |       |     9 ||     9
  Use: Potion            |       |     7 ||     7
 Stab: Sleeping          |     3 |       ||     3
Armor: Robe              |    35 |    50 ||    85
Dodge: Dodged            |    40 |    74 ||   114
